 Dungeon Crawl Stone Soup version 0.19-b1-3-g7dea586 (webtiles) character file.

2513 Snowbleach the Grappler (level 9, -2/70 (72) HPs)
             Began as a Ghoul Monk on Oct 29, 2016.
             Was a High Priest of Dithmenos.
             Slain by a slave (7 damage)
             ... led by Pikel
             ... on level 7 of the Dungeon.
             The game lasted 00:49:12 (7780 turns).

Snowbleach the Grappler (Ghoul Monk)                Turns: 7780, Time: 00:49:13

HP:   -2/70 (72)    AC:  4    Str: 17    XL:     9   Next: 53%
MP:   8/8           EV: 14    Int:  5    God:    Dithmenos [*****.]
Gold: 326           SH:  0    Dex: 12    Spells: 0 memorised, 8 levels left

rFire  . . .     SeeInvis .       - Unarmed
rCold  + . .     Gourm    .     a - +0 robe
rNeg   + + +     Faith    .     (no shield)
rPois  ∞         Spirit   .     (no helmet)
rElec  .         Reflect  .     k - +0 cloak
rCorr  .         Harm     .     (no gloves)
MR     .....                    g - +0 pair of boots
Stlth  +++++.....               (no amulet)
                                (no ring)
                                (no ring)

@: rotting, wreathed by umbra
A: rotting body, claws 1, carnivore 3, cold resistance 1, negative energy
resistance 3, slow regeneration 1, torment resistance, unbreathing
a: Shadow Step, Shadow Form, Renounce Religion


You were on level 7 of the Dungeon.
You worshipped Dithmenos.
Dithmenos was extremely pleased with you.
You were not hungry.

You visited 2 branches of the dungeon, and saw 8 of its levels.
You also visited: Sewer.

You collected 326 gold pieces.

Inventory:

Armour
 a - a +0 robe (worn)
 g - a +0 pair of boots (worn)
 k - a +0 cloak (worn)
Jewellery
 y - an uncursed ring of flight {unknown}
Wands
 t - a wand of polymorph (16/24)
 w - a wand of acid (3/15)
Scrolls
 d - 5 scrolls of remove curse
 e - 2 scrolls of fog
 f - 3 scrolls of enchant weapon {unknown}
 j - 10 scrolls of identify {unknown}
 l - 2 scrolls of teleportation {unknown}
 n - 3 scrolls of amnesia {unknown}
 o - a scroll of magic mapping {unknown}
 p - 3 scrolls of random uselessness {unknown}
 q - 2 scrolls of immolation {unknown}
 r - 2 scrolls of enchant armour {unknown}
Potions
 c - 3 potions of heal wounds {unknown}
 h - 5 potions of curing {unknown}
 m - a potion of agility {unknown}
 s - a potion of brilliance {unknown}
 u - 2 potions of cancellation {unknown}
 v - 3 potions of flight {unknown}
 x - a potion of haste {unknown}
 A - a potion of ambrosia {unknown}
Comestibles
 b - 4 meat rations
 i - 2 royal jellies
 B - a beef jerky


   Skills:
 + Level 4.3 Fighting
 + Level 5.6 Dodging
 + Level 7.4 Stealth
 + Level 10.7 Unarmed Combat


You had 8 spell levels left.
You didn't know any spells.

Dungeon Overview and Level Annotations

Branches:
Dungeon (7/15)             Temple (1/1) D:4

Altars:
Ashenzari
Cheibriados
Dithmenos
Elyvilon
Gozag
Hepliaklqana
Kikubaaqudgha
Makhleb
Nemelex Xobeh
Okawaru
Qazlal
Ru
Sif Muna
Trog
Uskayaw
Vehumet
Xom
Yredelemnul
Zin
The Shining One

Annotations:
D:7 Pikel; tv1990's ghost, novice FoMo


Innate Abilities, Weirdness & Mutations

Your body is rotting away.
You thrive on raw meat.
You are immune to poison.
You have sharp fingernails.
You are carnivorous and can eat meat at any time.
Your flesh is cold resistant. (rC+)
You are immune to negative energy. (rN+++)
You regenerate slowly when monsters are visible.
You are immune to unholy pain and torment.
You can survive without breathing.


Message History

Okay, then.
Press: ? - help, v - describe, . - travel
Here: Pikel, wielding a whip of freezing and wearing a robe (umbra)
The floor.
As you read the scroll labeled LIOSURRIWA, it crumbles to dust.
The scroll dissolves into smoke.
It was a scroll of fog.
Pikel hits you with a whip of freezing.
* * * LOW HITPOINT WARNING * * *
You scratch the slave.
The slave is lightly wounded.
Pikel hits you with a whip of freezing.
* * * LOW HITPOINT WARNING * * *
Pikel freezes you.
* * * LOW HITPOINT WARNING * * *
The slave hits you!
* * * LOW HITPOINT WARNING * * *
You claw the slave!
The slave is severely wounded.
The slave barely misses you. Pikel closely misses you. The slave hits you!
You die...

#c..#.#....#
#..........# ##
#...#......#
##8##
#..(.......#
#...#
#.(p#.######
#...###.........#
#§§p§§Kp........#
#§pK###p..p.....#
#§p@# #.........#
##8## #.........#
## #.........#
#.........#
#.........#
#...####### #...#
#####


You could see Pikel and 3 slaves.

Vanquished Creatures
  Menkaure (D:7)
  A sky beast (D:5)
  A necrophage (D:5)
  2 ogres (D:5)
  3 centaurs
  A big kobold (Sewer)
  3 bullfrogs (D:6)
  2 scorpions
  A wight (D:6)
  A howler monkey (D:4)
  A bullfrog zombie (D:5)
  6 crimson imps
  7 orc priests
  3 hounds
  Terence (D:2)
  2 worker ants
  Natasha (thrice) (D:2)
  8 orc wizards
  A hound zombie (D:6)
  A hound skeleton (D:4)
  A worker ant zombie (D:5)
  4 gnolls (D:6)
  4 river rats
  14 adders
  An adder skeleton (D:4)
  5 worms
  7 leopard geckos
  26 orcs
  9 giant cockroaches
  6 goblins
  12 hobgoblins
  15 jackals
  13 kobolds
  4 quokkas
  3 ball pythons
  7 bats
  A frilled lizard (D:2)
  A jackal zombie (D:5)
  A quokka skeleton (D:6)
  A quokka zombie (D:5)
  9 rats
193 creatures vanquished.

Vanquished Creatures (others)
  An ogre (D:7)
1 creature vanquished.

Grand Total: 194 creatures vanquished

Notes
Turn   | Place    | Note
-------+----------+-------------------------------------------
     0 | D:1      | Snowbleach the Ghoul Monk began the quest for the Orb.
     0 | D:1      | Reached XP level 1. HP: 19/19 MP: 0/0
   142 | D:1      | Reached XP level 2. HP: 26/26 MP: 1/1
   506 | D:1      | Found a glowing golden altar of the Shining One.
   695 | D:1      | Reached XP level 3. HP: 31/31 MP: 2/2
  1146 | D:2      | Noticed Natasha
  1185 | D:2      | Killed Natasha
  1185 | D:2      | Reached skill level 4 in Unarmed Combat
  1274 | D:2      | Reached XP level 4. HP: 38/38 MP: 3/3
  1284 | D:2      | Noticed Terence
  1298 | D:2      | Killed Terence
  1404 | D:2      | Found a sparkling altar of Nemelex Xobeh.
  1405 | D:2      | Found a shadowy altar of Dithmenos.
  1405 | D:2      | Found a radiant altar of Vehumet.
  1406 | D:2      | Found an iron altar of Okawaru.
  1417 | D:2      | Became a worshipper of Dithmenos the Shadowed
  1417 | D:2      | Reached * piety under Dithmenos
  1417 | D:2      | Reached ** piety under Dithmenos
  1771 | D:2      | Noticed Natasha
  1790 | D:2      | Killed Natasha
  1790 | D:2      | Reached skill level 5 in Unarmed Combat
  1790 | D:2      | Reached XP level 5. HP: 24/45 MP: 4/4
  1980 | D:2      | Noticed Natasha
  1987 | D:2      | Killed Natasha
  2495 | D:3      | Reached XP level 6. HP: 42/51 MP: 5/5
  2606 | D:3      | Reached skill level 6 in Unarmed Combat
  2886 | D:3      | Reached *** piety under Dithmenos
  3559 | D:4      | Reached XP level 7. HP: 44/57 MP: 6/6
  3883 | D:4      | Reached skill level 7 in Unarmed Combat
  4895 | D:4      | Reached **** piety under Dithmenos
  5075 | D:4      | Reached skill level 8 in Unarmed Combat
  5075 | D:4      | Reached XP level 8. HP: 60/66 MP: 7/7
  5200 | D:4      | Found a staircase to the Ecumenical Temple.
  5461 | Temple   | Entered the Ecumenical Temple
  5553 | D:5      | Entered Level 5 of the Dungeon
  5739 | D:5      | Reached skill level 5 in Dodging
  5886 | D:5      | Reached skill level 5 in Stealth
  5886 | D:5      | Reached skill level 9 in Unarmed Combat
  6460 | D:6      | Reached XP level 9. HP: 71/71 MP: 8/8
  6694 | D:6      | Found a glowing drain.
  6742 | Sewer    | Entered a sewer
  6744 | Sewer    | Reached ***** piety under Dithmenos
  6943 | Sewer    | Reached skill level 10 in Unarmed Combat
  6989 | Sewer    | Found a white marble altar of Elyvilon.
  7369 | D:6      | Found a hazy altar of Hepliaklqana.
  7613 | D:7      | Noticed tv1990's ghost (novice FoMo)
  7656 | D:7      | Noticed Menkaure
  7660 | D:7      | Killed Menkaure
  7667 | D:7      | Found a sand-covered staircase.
  7721 | D:7      | Noticed Pikel
  7780 | D:7      | Slain by a slave

Skill      XL: |  1  2  3  4  5  6  7  8  9 |
---------------+----------------------------+-----
Dodging        | 3 4 5 |  5.6
Unarmed Combat | 4 5 6 8 9 10 | 10.7
Stealth        | 3 4 6 7 |  7.4
Fighting       | 4 |  4.3

Action                   |  1- 3 |  4- 6 |  7- 9 || total
-------------------------+-------+-------+-------++-------
Melee: Unarmed           |    81 |   199 |   375 ||   655
       Punch             |     3 |     4 |    12 ||    19
  Use: Scroll            |       |       |     2 ||     2
 Stab: Sleeping          |     4 |     8 |    19 ||    31
       Distracted        |       |       |     1 ||     1
  Eat: Chunk             |     2 |     6 |    15 ||    23
Armor: Robe              |    13 |    24 |    48 ||    85
Dodge: Dodged            |    56 |   102 |   302 ||   460
